 Dungeon Crawl Stone Soup version 0.26-a0-451-gacbe401039 (webtiles) character file.

Game seed: 9223684670125810693

25 KristoblXynda the Magician (level 2, -10/24 HPs)
             Began as a Troll Hedge Wizard on July 28, 2020.
             Mangled by Sigmund
             ... wielding a +0 scythe
              (11 damage)
             ... on level 2 of the Dungeon.
             The game lasted 00:01:17 (965 turns).

KristoblXynda the Magician (Troll Hedge Wizard)      Turns: 965, Time: 00:01:17

Health: -10/24     AC:  6    Str: 17    XL:     2   Next: 86%
Magic:  4/4        EV: 10    Int: 10    God:
Gold:   49         SH:  0    Dex:  9    Spells: 4/5 levels left

rFire    . . .     SeeInvis .     - Unarmed
rCold    . . .     Faith    .   (no shield)
rNeg     . . .     Spirit   .   b - +0 robe
rPois    .         Reflect  .   c - +0 hat
rElec    .         Harm     .   (no cloak)
rCorr    .                      (gloves unavailable)
MR       .....                  (boots unavailable)
Stlth    +.........             (no amulet)
HPRegen  0.48/turn              (no ring)
MPRegen  0.09/turn              (no ring)

@: slowed, very slow
A: large, unfitting armour, claws 3, regeneration 1, shaggy fur 1, tough skin 3
a: no special abilities


You were on level 2 of the Dungeon.
You visited 1 branch of the dungeon, and saw 2 of its levels.

You collected 49 gold pieces.

Inventory:

Armour
 b - a +0 robe (worn)
 c - a +0 hat (worn)
Scrolls
 d - a scroll of fog {unknown}
 e - a scroll of blinking {unknown}
 f - a scroll of identify {unknown}
Potions
 a - a potion of degeneration {unknown}


   Skills:
 + Level 2.0 Dodging
 - Level 1.0 Stealth
 + Level 1.3 Unarmed Combat
 - Level 2.0 Spellcasting
 + Level 1.2 Conjurations
   Level 0.6 Summonings
   Level 0.6 Translocations


You had 4 spell levels left.
You knew the following spells:

 Your Spells              Type           Power        Failure   Level
a - Magic Dart            Conj           #...         19%         1

Your spell library contained the following spells:

 Spells                   Type           Power        Failure   Level
 Blink                    Tloc           N/A          36%         2
 Call Imp                 Summ           #.......     36%         2
 Slow                     Hex            #.......     43%         2
 Conjure Flame            Conj/Fire      #.......     58%         3
 Mephitic Cloud           Conj/Pois/Air  #.......     61%         3


Dungeon Overview and Level Annotations

Branches:
Dungeon (2/15)

Altars:

Annotations:
D:2 Natasha, Sigmund


Innate Abilities, Weirdness & Mutations

You are too large for most types of armour.
You have claws for hands.
Your natural rate of healing is unusually fast.
You are covered in fur. (AC +1)
You have extremely tough skin. (AC +3)


Message History

Natasha stares at you and mumbles some strange words.
You resist with significant effort.
Sigmund mumbles some strange words.
Sigmund flickers and vanishes!
Deactivating autopickup; reactivate with Ctrl-A.
You closely miss Natasha. Natasha claws you but does no damage.
Something hits you. Natasha claws you.
You scratch Natasha.
Natasha is moderately wounded.
Natasha claws you but does no damage. Something hits you.
You closely miss Natasha.
Natasha is moderately wounded.
Natasha closely misses you. Something hits you!
* * * LOW HITPOINT WARNING * * *
Natasha mumbles some strange words.
You completely miss the crimson imp. Natasha claws you.
* * * LOW HITPOINT WARNING * * *
The crimson imp hits you but does no damage.
Something hits you!
You die...

....#..........
......######### ####......#
...#..###.# ........#.##
##### #..........# #...#
#..........# #.(.#
#..........#########...###..
#..........'...5@h{'........
...........#########........
############ .....#... #
.......... . ........... ..
.......#<... ...
#.......###+# ...+ #.......#
...#


You could see Natasha and a crimson imp (summoned).

Vanquished Creatures
  A dart slug (D:1)
  A leopard gecko (D:1)
  3 bats (D:1)
  A giant cockroach (D:1)
  3 goblins (D:1)
  4 hobgoblins (D:1)
  4 kobolds (D:1)
  4 rats (D:1)
21 creatures vanquished.

Notes
Turn   | Place    | Note
-------+----------+-------------------------------------------
     0 | D:1      | KristoblXynda the Troll Hedge Wizard began the quest for
                  | the Orb.
     0 | D:1      | Reached XP level 1. HP: 16/16 MP: 2/2
   149 | D:1      | Reached skill level 1 in Conjurations
   149 | D:1      | Reached XP level 2. HP: 24/24 MP: 4/4
   162 | D:1      | Reached skill level 1 in Unarmed Combat
   955 | D:2      | Noticed Natasha
   957 | D:2      | Noticed Sigmund
   965 | D:2      | Noticed a crimson imp
   965 | D:2      | HP: 1/24 [Natasha (3)]
   965 | D:2      | Mangled by Sigmund

Illustrated notes

Levels and vault maps discovered:
D:1:      minmay_arrival_wavy_path, layout_loops_corners,
          palyth_stone_intersect, minmay_misc_feat_tower, hex_medium
D:2:      layout_basic, uniq_sigmund, uniq_natasha, uniq_terence

Skill      XL: |  1  2 |
---------------+-------+-----
Conjurations   | 1 |  1.2
Unarmed Combat | 1 |  1.3
Dodging        | 2 |  2.0
Stealth        | |  1.0
Spellcasting   | |  2.0
Summonings     | |  0.6
Translocations | |  0.6

Action                   || total
-------------------------++-------
Melee: Unarmed           ||    44
Armor: Robe              ||     9
Dodge: Dodged            ||    28

Table legend: (Time is in decaauts)
 A = Elapsed time spent in this place.
 B = Non-inter-level travel time spent in this place.
 C = Inter-level travel time spent in this place.
 D = Time resting spent in this place.
 E = Time spent auto-exploring this place.
 F = Levels seen in this place.
 G = Mean time per level.
                   A        B        C        D        E       F      G
               +--------+--------+--------+--------+--------+-----+--------+
         Total |    967 |    924 |     43 |      0 |    768 |   2 |  483.5 |
       Dungeon |    967 |    924 |     43 |      0 |    768 |   2 |  483.5 |
               +--------+--------+--------+--------+--------+-----+--------+

Top non-repeatable levels by time:
     D:1: 899 daAuts
     D:2: 68 daAuts
